 Dungeon Crawl Stone Soup version 0.31-a0-455-g1a7b003ef0 (webtiles) character file.

Game seed: 12452073494120267513

280 Dittersdorf the Shield-Bearer (level 6, 0/39 HPs)
             Began as a Gargoyle Fighter on Aug 3, 2023.
             Slain by an orc wizard
             ... wielding a +0 dagger
              (3 damage)
             ... on level 4 of the Dungeon.
             The game lasted 00:03:37 (2731 turns).

Dittersdorf the Shield-Bearer (Gargoyle Fighter)    Turns: 2731, Time: 00:03:38

Health: 0/39       AC: 14    Str: 22    XL:     6   Next: 27%
Magic:  6/6        EV:  9    Int:  8    God:
Gold:   116        SH:  4    Dex:  9    Spells: 5/5 levels left

rFire   . . .        a - +1 flail
rCold   . . .        c - +0 buckler
rNeg    + . .        b - +0 scale mail
rPois   ∞            j - +0 helmet
rElec   +            (no cloak)
rCorr   .            s - +0 pair of gloves
SInv    .            (no boots)
Will    .....        (no amulet) Stlth
                     (no ring)
HPRegen 0.26/turn    (no ring)
MPRegen 0.10/turn

%: no passive effects
@: no status effects
A: sickness immunity, AC +4, negative energy resistance 1, electricity
resistance, torment resistance 1, petrification resistance
a: no special abilities


You were on level 4 of the Dungeon.
You visited 1 branch of the dungeon, and saw 4 of its levels.

You collected 116 gold pieces.

Inventory:

Hand Weapons
 a - a +1 flail (weapon)
Missiles
 p - 4 poisoned darts (quivered)
Armour
 b - a +0 scale mail (worn)
 c - a +0 buckler (worn)
 j - a +0 helmet (worn)
 s - a +0 pair of gloves (worn)
Scrolls
 h - a scroll of teleportation
 k - a scroll of fear {unknown}
 m - a scroll of vulnerability {unknown}
 o - a scroll of torment {unknown}
 r - a scroll of enchant weapon
Potions
 d - 2 potions of might
 e - a potion of curing {unknown}
 g - a potion of degeneration {unknown}
 i - a potion of cancellation {unknown}
 l - 3 potions of heal wounds


   Skills:
 + Level 4.6 Fighting
 + Level 3.5 Maces & Flails
 + Level 4.6 Armour
 + Level 4.7 Shields


You had 5 spell levels left.
You didn't know any spells.
Your spell library contained the following spells:

 Spells                   Type           Power      Damage    Failure   Level
 Apportation              Tloc           0%         N/A       78%         1
 Alistair's Intoxication  Tmut/Pois      0%         N/A       100%        5


Dungeon Overview and Level Annotations

Branches:
Dungeon (4/15)
 Temple: D:4-7

Altars:

Annotations:
D:3 1 runed translucent door, randomguy2701's ghost, amateur DESu


Innate Abilities, Weirdness & Mutations

You are immune to sickness and miasma.
Your stone body is resilient. (AC +4)
You are immune to poison.
You resist negative energy. (rN+)
You are resistant to electric shocks. (rElec)
You are resistant to unholy torment.
You are immune to petrification.


Message History

* * * LOW HITPOINT WARNING * * *
The orc priest barely misses you.
The orc wizard gestures at you while chanting.
You are confused.
The orc priest attacks as you move away!
The orc priest hits you but does no damage.
You bump into the rock wall.
The orc wizard points at you and mumbles some strange words.
The puff of flame hits you.
* * * LOW HITPOINT WARNING * * *
The orc wizard attacks as you move away!
The orc wizard hits you but does no damage.
You bump into the rock wall.
The orc wizard hits you but does no damage.
You feel less confused.
The orc wizard hits you with a +0 dagger.
* * * LOW HITPOINT WARNING * * *
You hit the orc priest.
The orc priest is heavily wounded.
The orc wizard gestures at you while chanting.
The puff of flame hits you but does no damage.
The orc priest closely misses you.
You hit the orc priest.
The orc priest is severely wounded.
You block the orc wizard's attack. The orc priest barely misses you.
You sock the orc priest!
You kill the orc priest!
You block the orc wizard's attack.
The orc wizard hits you but does no damage.
Things that are here:
a +0 short sword; a +0 ring mail; an orc corpse You sock the orc wizard!
The orc wizard is severely wounded.
The orc wizard mumbles some strange words.
The orc wizard flickers and vanishes!
Deactivating autopickup; reactivate with Ctrl-A.
Something hits you but does no damage.
You miss something. You block something's attack.
You hit something but do no damage. Something hits you.
You die...

...........##.....##,,,,**,,,**,,
...................#,,,,*,,,,,*,,
o..................#,,,,*,,,,,*,,
.[...##............#,,,,*,,,,,+,,
#######..........)##,,,,****,**,,
#...........)#****** **+**,,
##....######)## *,,,,,,
######....{..## *,,,,,,
******######....@..## *,,,,,,
,,,,,,######.......## *,,,,,,
,,,,,,######.......## **,,,,,
,,,,,,######.......## *,,,,,
,,,,,,######.......## *,,,,,
,,,,,,######.......## *,,,,,
******######.......## *,,,,,
######.<.....#########,,,,,
######...............#*****


There were no monsters in sight!

Vanquished Creatures
  An ogre (D:4)
  2 orc priests (D:4)
  2 orc wizards (D:2)
  Robin (D:2)
  A dart slug (D:1)
  7 orcs
  4 ball pythons (D:3)
  A bat (D:1)
  6 endoplasms
  2 giant cockroaches
  4 hobgoblins
  3 jackals (D:1)
  2 quokkas (D:3)
  3 frilled lizards
  17 goblins
  9 kobolds
  5 rats
70 creatures vanquished.

Notes
Turn   | Place    | Note
-------+----------+-------------------------------------------
     0 | D:1      | Dittersdorf the Gargoyle Fighter began the quest for the
                  | Orb.
     0 | D:1      | Reached XP level 1. HP: 14/14 MP: 1/1
    76 | D:1      | Reached XP level 2. HP: 18/19 MP: 2/2
   983 | D:2      | Reached XP level 3. HP: 22/23 MP: 3/3
  1142 | D:2      | Noticed Robin
  1183 | D:2      | Killed Robin
  1420 | D:2      | Reached XP level 4. HP: 29/29 MP: 4/4
  1973 | D:2      | Reached XP level 5. HP: 25/33 MP: 5/5
  2187 | D:3      | Found a runed translucent door.
  2235 | D:3      | Noticed randomguy2701's ghost (amateur DESu)
  2612 | D:4      | Noticed an ogre
  2618 | D:4      | Killed an ogre
  2676 | D:4      | Identified the +1 robe of Philately {*Slow Str+4 Int+4}
  2716 | D:4      | Reached XP level 6. HP: 2/39 MP: 6/6
  2721 | D:4      | HP: 1/39 [orc wizard/puff of flame (2)]
  2731 | D:4      | Slain by an orc wizard

Illustrated notes

Levels and vault maps discovered:
D:1:      zelgadis_glass_arrival_small, layout_basic, serial_aquarium,
          aquarium_bridge_straight [aquarium_subvault_bridge,
          aquarium_subvault_window, aquarium_subvault_bridge,
          aquarium_subvault_window], aquarium_window_double, aquarium_window_1,
          aquarium_window_1, aquarium_window_3, aquarium_view_2c,
          aquarium_view_2c, aquarium_balcony_3a
D:2:      layout_basic, uniq_robin
D:3:      layout_basic, ebering_ghost_sewer_d,
          hangedman_abyss_or_decor_lesser_grid
D:4:      layout_gridville, uniq_sigmund

Skill      XL: |  1  2  3  4  5 |
---------------+----------------+-----
Shields        | 4 |  4.7
Fighting       | 4 |  4.6
Armour         | 4 |  4.6
Maces & Flails | 3 |  3.5

Action                     |  1- 3 |  4- 6 || total
---------------------------+-------+-------++-------
  Melee: Flail             |   125 |   117 ||   242
  Throw: Dart              |       |     4 ||     4
    Use: Scroll            |       |     5 ||     5
 Armour: Scale mail        |    78 |    73 ||   151
  Dodge: Dodged            |    44 |    49 ||    93
  Block: Buckler           |    30 |    23 ||    53

Table legend: (Time is in decaauts)
 A = Elapsed time spent in this place.
 B = Non-inter-level travel time spent in this place.
 C = Inter-level travel time spent in this place.
 D = Time resting spent in this place.
 E = Time spent auto-exploring this place.
 F = Levels seen in this place.
 G = Mean time per level.
                   A        B        C        D        E       F      G
               +--------+--------+--------+--------+--------+-----+--------+
         Total |   2808 |   2667 |    141 |    145 |   1901 |   4 |  702.0 |
       Dungeon |   2808 |   2667 |    141 |    145 |   1901 |   4 |  702.0 |
               +--------+--------+--------+--------+--------+-----+--------+

Top non-repeatable levels by time:
     D:2: 1052 daAuts
     D:1: 1000 daAuts
     D:3: 609 daAuts
     D:4: 146 daAuts
